 Dungeon Crawl Stone Soup version 0.30-a0-475-g03497ec522 (webtiles) character file.

Game seed: 1005522789437396654

51 Raultor the Insei (level 3, 0/23 HPs)
             Began as an Octopode Transmuter on Dec 20, 2022.
             Succumbed to an adder's poison
             ... on level 2 of the Dungeon.
             The game lasted 00:02:19 (1096 turns).

Raultor the Insei (Octopode Transmuter)             Turns: 1096, Time: 00:02:19

Health: 0/23       AC:  1    Str:  7 (9)  XL:     3   Next: 81%
Magic:  6/6        EV: 13    Int: 14 (17) God:
Gold:   63         SH:  0    Dex: 11 (12) Spells: 5/6 levels left

rFire   . . .      SeeInvis .      - Unarmed
rCold   . . .      Faith    .    (no shield)
rNeg    + . .      Spirit   .    (helmet restricted)
rPois   .          Reflect  .    (no amulet)
rElec   .          Harm     .    N - ring of positive energy
rCorr   .          Rampage  .    (no ring)
Will    .....                    (no ring)
Stlth   ++........               (no ring)
HPRegen 0.23/turn                (no ring)
MPRegen 0.10/turn                (no ring)
                                 (no ring)
                                 (no ring)

@: lethally poisoned (0 -> -4), attractive, hasted, very quick
A: almost no armour, amphibious, 8 rings, camouflage 1, gelatinous body 1,
(nimble swimmer 1), tentacles
a: no special abilities


You were on level 2 of the Dungeon.
You visited 1 branch of the dungeon, and saw 2 of its levels.

You collected 63 gold pieces.


Innate Abilities, Weirdness & Mutations

You cannot wear most types of armour.
You are amphibious.
You can wear up to eight rings at the same time.
Your skin changes colour to match your surroundings (Stealth+).
Your rubbery body absorbs attacks. (AC +1, EV +1)
((You are camouflaged when in or above water. (Stealth+)))
You have tentacles for arms and can constrict up to eight enemies at once.


   Skills:
 + Level 1.6 Fighting
 - Level 2.0 Dodging
 + Level 3.3 Unarmed Combat
 - Level 2.0 Spellcasting
 * Level 2.8 Transmutations
 * Level 1.6 Ice Magic


You had 5 spell levels left.
You knew the following spells:

 Your Spells              Type           Power      Damage    Failure   Level
b - Beastly Appendage     Tmut           18%        N/A       8%          1

Your spell library contained the following spells:

 Spells                   Type           Power      Damage    Failure   Level
 Wereblood                Tmut           9%         N/A       12%         2
 Static Discharge         Conj/Air       2%         2-3/arc   34%         2
 Spider Form              Tmut/Pois      5%         N/A       38%         3
 Ignite Poison            Fire/Tmut/Pois 4%         N/A       43%         3
 Vhi's Electric Charge    Tloc/Air       2%         N/A       56%         3
 Ice Form                 Ice/Tmut       7%         N/A       67%         4
 Sticky Flame             Conj/Fire      1%         2d3       93%         4
 Arcjolt                  Conj/Air       0%         1d10      100%        5
 Lightning Bolt           Conj/Air       0%         1d11      100%        5
 Ignition                 Fire           0%         3d3       100%        8

Inventory:

Magical Staves
 f - a staff of conjuration {!a}
Jewellery
 N - a ring of positive energy (left tentacle)
 Z - a ring of wizardry
Scrolls
 c - 2 scrolls of teleportation {unknown}
 d - 2 scrolls of immolation {unknown}
 e - a scroll of noise {unknown}
 g - a scroll of torment {unknown}
 h - a scroll of amnesia {unknown}
Potions
 a - a potion of lignification

Dungeon Overview and Level Annotations

Branches:
Dungeon (2/15)

Altars:

#.......# #.#
.###.#### #.#
.##..[## †#.....##
........# ........#
........########
...............####
........####...S@.#
........####.#K##.#
........##.....# .#
.#......##.#g####.#
##.....###..g.g.?.#
#.....# #..#####.#
#.....# #.. .#
#.....##... .#
#########..


You could see an adder, a goblin and a kobold.


Message History

You barely miss the kobold.
The adder hisses angrily.
Your grab misses the kobold. The kobold closely misses you.
You closely miss the kobold.
The goblin shouts!
You grab the kobold.
You constrict the kobold, but do no damage.
The kobold closely misses you.
There are monsters nearby!
You release your grip on the kobold.
The kobold attacks as you move away! The kobold misses you.
The adder bites you.
You are poisoned.
The adder poisons you!
You feel sick. The kobold barely misses you.
You feel sick. The adder bites you.
You are more poisoned.
The adder poisons you!
You feel very sick. The adder attacks as you move away! The adder bites you.
* * * LOW HITPOINT WARNING * * *
x2 You feel sick.
* * * LOW HITPOINT WARNING * * *
You feel sick. The adder bites you.
* * * LOW HITPOINT WARNING * * *
It was a potion of haste.
You feel yourself speed up.
* * * LOW HITPOINT WARNING * * *
You feel sick. The adder closely misses you.
It was a potion of attraction.
You feel attractive to monsters.
You die...

Skill      XL: |  1  2 |
---------------+-------+-----
Ice Magic      | 1 |  1.6
Fighting       | |  1.6
Dodging        | |  2.0
Unarmed Combat | |  3.3
Spellcasting   | |  2.0
Transmutations | |  2.8

Action                   || total
-------------------------++-------
Melee: Unarmed           ||    55
       Constrict         ||    17
       Tentacles         ||    10
       Punch             ||     4
       Kick              ||     3
 Cast: Beastly Appendage ||     3
  Use: Potion            ||     3
 Stab: Sleeping          ||     7
Armor: Skin              ||     5
Dodge: Dodged            ||    30

Levels and vault maps discovered:
D:1:      amcnicky_arrival_flooded_fountain, layout_basic,
          shapermc_ecumenical_altar_notcrosses, grunt_decor_junction
D:2:      layout_loops_cross, minmay_tetromino_t2, uniq_crazy_yiuf_cottage

Notes
Turn   | Place    | Note
-------+----------+-------------------------------------------
     0 | D:1      | Raultor the Octopode Transmuter began the quest for the
                  | Orb.
     0 | D:1      | Reached XP level 1. HP: 13/13 MP: 3/3
    64 | D:1      | Found a faded altar of an unknown god.
   494 | D:1      | Reached XP level 2. HP: 14/18 MP: 5/5
   620 | D:1      | Reached skill level 1 in Ice Magic
   794 | D:2      | Reached XP level 3. HP: 14/23 MP: 6/6
  1094 | D:2      | HP: 2/23 [adder (4)]
  1096 | D:2      | Succumbed to an adder's poison

Vanquished Creatures
  3 adders (D:2)
  A ball python (D:1)
  An endoplasm (D:1)
  2 goblins
  2 hobgoblins
  4 quokkas
  2 bats (D:1)
  A frilled lizard (D:1)
  3 kobolds
  5 rats
24 creatures vanquished.

Table legend: (Time is in decaauts)
 A = Elapsed time spent in this place.
 B = Non-inter-level travel time spent in this place.
 C = Inter-level travel time spent in this place.
 D = Time resting spent in this place.
 E = Time spent auto-exploring this place.
 F = Levels seen in this place.
 G = Mean time per level.
                   A        B        C        D        E       F      G
               +--------+--------+--------+--------+--------+-----+--------+
         Total |   1092 |   1045 |     47 |     17 |    845 |   2 |  546.0 |
       Dungeon |   1092 |   1045 |     47 |     17 |    845 |   2 |  546.0 |
               +--------+--------+--------+--------+--------+-----+--------+

Top non-repeatable levels by time:
     D:1: 778 daAuts
     D:2: 314 daAuts

Table legend:
 A = Non-vault XP
 B = Vault XP
 C = Vault XP percentage of total XP
 D = Non-vault monster count
 E = Vault monster count
 F = Vault count percentage of total count
                 A         B        C        D         E       F
            +---------+---------+-------+---------+---------+-------
      Total |      72 |       1 |   1.4 |      23 |       1 |   4.2
            +---------+---------+-------+---------+---------+-------
        D:1 |      20 |       0 |   0.0 |      13 |       0 |   0.0
        D:2 |      52 |       1 |   1.9 |      10 |       1 |   9.1
            +---------+---------+-------+---------+---------+-------
